 Dungeon Crawl Stone Soup version 0.19-a0-1608-g4cf22de (webtiles) character file.

1931 4thArraOfDagon the Grappler (level 8, -15/63 HPs)
             Began as a Troll Warper on Sept 17, 2016.
             Was an Elder of Okawaru.
             Demolished by a hill giant
             ... wielding a +0 giant spiked club
              (39 damage)
             ... on level 10 of the Dungeon.
             The game lasted 00:07:36 (1592 turns).

4thArraOfDagon the Grappler (Troll Warper)          Turns: 1592, Time: 00:07:38

Health: -15/63     AC:  6    Str: 20 (22) XL:     8   Next: 97%
Magic:  9/11       EV: 12    Int: 11      God:    Okawaru [****..]
Gold:   124        SH:  0    Dex:  8 (9)  Spells: 4 memorised, 0 levels left

rFire  . . .     SeeInvis +       - Unarmed
rCold  . . .     Gourm    +     a - +1 robe
rNeg   . . .     Faith    .     (no shield)
rPois  .         Spirit   .     (helmet restricted)
rElec  .         Dismiss  .     (no cloak)
rCorr  .         Reflect  .     (gloves unavailable)
MR     .....     Harm     .     (boots unavailable)
Stlth  ++........               (no amulet)
                                (no ring)
                                u - ring of see invisible

@: heroism
A: unfitting armour, claws 3, fangs 1, horns 1, deterioration 2, fast metabolism
3, frail 1, gourmand, regeneration 1, shaggy fur 1, strong 1, tough skin 2
a: Heroism, Renounce Religion


You were on level 10 of the Dungeon.
You worshipped Okawaru.
Okawaru was greatly pleased with you.
You were full.

You visited 1 branch of the dungeon, and saw 10 of its levels.

You collected 124 gold pieces.

Inventory:

Hand Weapons
 x - a +0 giant spiked club
Missiles
 d - a tomahawk of dispersal (quivered)
 v - 5 large rocks
Armour
 a - a +1 robe (worn)
Jewellery
 u - a ring of see invisible (left claw)
Scrolls
 c - a scroll of blinking
 e - 3 scrolls of teleportation {unknown}
 i - a scroll of remove curse {unknown}
 m - 2 scrolls of recharging {unknown}
 p - a scroll of amnesia {unknown}
 q - 3 scrolls of fog {unknown}
 w - a scroll of fear
Potions
 g - 2 potions of might
 j - 3 potions of ambrosia
 l - 2 potions of heal wounds {unknown}
 n - 2 potions of degeneration {unknown}
 o - a potion of cure mutation {unknown}
 r - a potion of cancellation {unknown}
 s - a potion of magic {unknown}
 t - a potion of invisibility {unknown}
Books
 b - a book of Spatial Translocations

   Spells                             Type                      Level
   a - Apportation                    Translocation                1
   b - Blink                          Translocation                2
   c - Shroud of Golubria             Charms/Translocation         2
   d - Portal Projectile              Translocation                3
   e - Teleport Other                 Translocation                3
   f - Passage of Golubria            Translocation                4
Comestibles
 f - 2 bread rations
 h - 4 fruits
 k - 2 meat rations


   Skills:
 - Level 1.5(6.5) Fighting
 - Level 0.8(5.8) Throwing
 - Level 1.9(6.9) Dodging
 * Level 10.0(15.0) Unarmed Combat
 - Level 1.2 Spellcasting
 - Level 2.1 Translocations
 + Level 5.5 Invocations


You couldn't memorise any spells.
You knew the following spells:

 Your Spells              Type           Power        Failure   Level  Hunger
a - Apportation           Tloc           #.........   14%         1    ##.....
b - Blink                 Tloc           N/A          21%         2    ###....
c - Passwall              Tmut/Erth      #.........   56%         2    ###....
d - Passage of Golubria   Tloc           N/A          95%         4    #####..


Dungeon Overview and Level Annotations

Branches:
Dungeon (10/15)            Temple (0/1) D:5
   Lair: D:8-11         Orc: D:9-12

Altars:
Gozag
Okawaru
Trog


Innate Abilities, Weirdness & Mutations

You are too large for most types of armour.
You have claws for hands.
Your metabolism is lightning-fast.
You like to eat raw meat.
Your natural rate of healing is unusually fast.
You are covered in fur. (AC +1)
You have very tough skin. (AC +2)
You have very sharp teeth.
You have a pair of small horns on your head.
Your body often deteriorates upon taking damage.
You are frail. (-10% HP)
Your muscles are strong. (Str +2)


Message History

Unknown command.
You shred the net and break free!
The orc shouts!
Unknown command.
You barely miss the hill giant.
The hill giant hits you but does no damage.
Unknown command.
You barely miss the hill giant.
You feel like a meek peon again.
Unknown command.
You gain the combat prowess of a mighty hero.
The hill giant hits you with a giant spiked club!!
Your body deteriorates!
You feel weakened.
Unknown command.
You claw the hill giant!
You bite the hill giant, but do no damage.
The hill giant is lightly wounded.
The hill giant hits you with a giant spiked club!!!
Ouch! That really hurt!
You die...

.......))..#
........<[.#
...........#
...........#
#######'####
####.#
##....#
#..#### #@##
#C# ...
..o..
.......
.........
#...<......
#...........


You could see a hill giant and an orc.

Vanquished Creatures
  A hippogriff (D:5)
  Eustachio (D:6)
  A hell hound (D:9)
  Duvessa (D:7)
  An orc warrior (D:10)
  4 sky beasts
  2 ogres
  A centaur (D:9)
  Dowan (D:7)
  2 scorpions
  2 howler monkeys (D:6)
  2 crimson imps
  A jelly (D:5)
  3 orc priests
  2 bullfrog skeletons
  A centaur skeleton (D:4)
  A hound (D:9)
  An iguana (D:5)
  An orc wizard (D:7)
  A worker ant (D:4)
  A howler monkey zombie (D:8)
  A worker ant zombie (D:9)
  5 adders
  2 shadow imps
  An adder skeleton (D:6)
  A worm (D:6)
  A dart slug (D:4)
  A leopard gecko (D:4)
  8 orcs
  2 giant cockroaches
  2 goblins
  A hobgoblin (D:3)
  5 jackals
  A kobold (D:2)
  A quokka (D:2)
  A ball python (D:3)
  A bat (D:2)
  A frilled lizard (D:4)
  A jackal zombie (D:9)
  A quokka skeleton (D:4)
  2 rats
70 creatures vanquished.

Notes
Turn   | Place    | Note
-------+----------+-------------------------------------------
     0 | D:1      | 4thArraOfDagon the Troll Warper began the quest for the Orb.
     0 | D:1      | Reached XP level 1. HP: 19/19 MP: 1/1
   103 | D:3      | Reached XP level 2. HP: 27/27 MP: 2/2
   119 | D:3      | Reached skill level 3 in Unarmed Combat
   208 | D:4      | Reached XP level 3. HP: 28/33 MP: 3/3
   265 | D:5      | Entered Level 5 of the Dungeon
   279 | D:5      | Found an iron altar of Okawaru.
   280 | D:5      | MEH!
   285 | D:5      | Became a worshipper of Warmaster Okawaru
   310 | D:5      | Noticed a hippogriff
   357 | D:5      | Reached skill level 4 in Unarmed Combat
   372 | D:5      | Noticed a sky beast
   375 | D:5      | Reached XP level 4. HP: 41/41 MP: 4/4
   406 | D:5      | Killed a sky beast
   406 | D:5      | Reached skill level 5 in Unarmed Combat
   406 | D:5      | Reached skill level 1 in Invocations
   406 | D:5      | Reached XP level 5. HP: 48/48 MP: 5/5
   412 | D:5      | Gained mutation: Your muscles are strong. (Str +2) [mutagenic meat]
   415 | D:5      | Gained mutation: Your body sometimes deteriorates upon taking damage. [mutagenic meat]
   418 | D:5      | Gained mutation: You have a pair of small horns on your head. [mutagenic meat]
   424 | D:5      | Gained mutation: Your body often deteriorates upon taking damage. [mutagenic meat]
   542 | D:4      | Reached * piety under Okawaru
   678 | D:6      | Noticed an ogre
   684 | D:6      | Killed an ogre
   684 | D:6      | Reached skill level 6 in Unarmed Combat
   684 | D:6      | Reached XP level 6. HP: 42/55 MP: 6/6
   801 | D:6      | Noticed a sky beast
   809 | D:6      | Killed a sky beast
   816 | D:6      | Gained mutation: You have very sharp teeth. [mutagenic meat]
   822 | D:6      | Gained mutation: You are frail. (-10% HP) [mutagenic meat]
   837 | D:5      | Reached ** piety under Okawaru
   843 | D:5      | Found a staircase to the Ecumenical Temple.
   869 | D:5      | Reached XP level 7. HP: 51/55 MP: 8/8
   906 | D:5      | Killed a hippogriff
   906 | D:5      | Reached skill level 7 in Unarmed Combat
  1045 | D:7      | Reached skill level 8 in Unarmed Combat
  1077 | D:6      | Noticed Eustachio
  1086 | D:6      | Killed Eustachio
  1086 | D:6      | Reached *** piety under Okawaru
  1086 | D:6      | Reached XP level 8. HP: 63/63 MP: 10/10
  1233 | D:7      | Noticed Duvessa
  1233 | D:7      | Noticed Dowan
  1239 | D:7      | Killed Duvessa
  1239 | D:7      | Reached skill level 9 in Unarmed Combat
  1240 | D:7      | Killed Dowan
  1275 | D:7      | Found an opulent altar of Gozag.
  1444 | D:9      | Reached skill level 5 in Invocations
  1461 | D:9      | Learned a level 2 spell: Blink
  1464 | D:9      | Learned a level 2 spell: Passwall
  1469 | D:9      | Learned a level 4 spell: Passage of Golubria
  1476 | D:9      | Found a bloodstained altar of Trog.
  1564 | D:10     | Entered Level 10 of the Dungeon
  1573 | D:10     | Reached **** piety under Okawaru
  1573 | D:10     | Reached skill level 10 in Unarmed Combat
  1585 | D:10     | Noticed a hill giant
  1592 | D:10     | Demolished by a hill giant

Vault maps used:
D:1:      moated_graveyard_arrival
D:2:      kennysheep_goblin_castle, good_gods_mini_temple, ashenzari_altar_1
D:3:      first_bread
D:5:      okawaru_metal_pillars_1_2
D:6:      uniq_eustachio
D:7:      kennysheep_mini, serial_corexii_hall, corexii_hall_statues_x,
          corexii_hall_statues_l, uniq_duvessa
D:8:      old_forge
D:9:      tgw_sif, minmay_lair_entry_lava, basic_altar, grunt_pizzeria

Skill      XL: |  1  2  3  4  5  6  7  8 |
---------------+-------------------------+-----
Unarmed Combat | 3 4 5 6 8 10 | 10.0
Invocations    | 1 2 4 5 |  5.5
Fighting       | |  1.5
Throwing       | |  0.8
Dodging        | |  1.9
Spellcasting   | |  1.2
Translocations | |  2.1

Action                   |  1- 3 |  4- 6 |  7- 9 || total
-------------------------+-------+-------+-------++-------
Melee: Unarmed           |    51 |    72 |   116 ||   239
       Headbutt          |       |     7 |    13 ||    20
       Bite              |       |       |    12 ||    12
       Punch             |       |       |     5 ||     5
Throw: Tomahawk          |     4 |       |       ||     4
Invok: Heroism           |       |       |     5 ||     5
  Use: Scroll            |     4 |       |       ||     4
 Stab: Sleeping          |       |     1 |     1 ||     2
  Eat: Chunk             |     3 |    12 |     8 ||    23
       Beef jerky        |       |     1 |       ||     1
Armor: Robe              |     8 |    14 |    35 ||    57
Dodge: Dodged            |    29 |    35 |    45 ||   109
